 Dungeon Crawl Stone Soup version 0.30-a0-137-gd8773701ce (webtiles) character file.

Game seed: 6069224711757890902

311 Dreamer the Changer (level 6, -3/38 HPs)
             Began as an Octopode Transmuter on Sept 23, 2022.
             Slain by an orc
             ... wielding a +0 war axe
              (11 damage)
             ... on level 4 of the Dungeon.
             The game lasted 00:09:01 (5132 turns).

Dreamer the Changer (Octopode Transmuter)           Turns: 5132, Time: 00:09:02

Health: -3/38      AC:  1    Str:  9    XL:     6   Next: 42%
Magic:  4/9        EV: 13    Int: 17    God:
Gold:   78         SH:  0    Dex: 13    Spells: 1/9 levels left

rFire   . . .      SeeInvis .    m - +0 short sword (drain)
rCold   . . .      Faith    .    (no shield)
rNeg    . . .      Spirit   .    (helmet restricted)
rPois   .          Reflect  .    (no amulet)
rElec   .          Harm     .    (no ring)
rCorr   .          Rampage  .    (no ring)
Will    .....                    (no ring)
Stlth   ++........               (no ring)
HPRegen 0.12/turn                (no ring)
MPRegen 0.11/turn                (no ring)
                                 (no ring)
                                 (no ring)

@: no status effects
A: almost no armour, amphibious, 8 rings, camouflage 1, gelatinous body 1,
(nimble swimmer 1), tentacles
a: no special abilities


You were on level 4 of the Dungeon.
You visited 1 branch of the dungeon, and saw 4 of its levels.

You collected 100 gold pieces.
You spent 22 gold pieces at shops.

Inventory:

Hand Weapons
 m - a +0 short sword of draining (weapon)
Scrolls
 c - a scroll of teleportation
 d - a scroll of torment {unknown}
 e - a scroll of enchant armour {unknown}
 f - 5 scrolls of identify
 h - a scroll of enchant weapon {unknown}
 i - a scroll of noise {unknown}
 j - a scroll of amnesia {unknown}
 k - a scroll of immolation {unknown}
 l - a scroll of silence {unknown}
 n - a scroll of acquirement {unknown}
Potions
 a - a potion of lignification
 b - a potion of haste
 g - 2 potions of might


   Skills:
 - Level 1.0 Fighting
 - Level 2.0 Dodging
 * Level 3.3 Unarmed Combat
 + Level 2.1 Spellcasting
 * Level 5.4 Transmutations
 - Level 3.0 Ice Magic


You had one spell level left.
You knew the following spells:

 Your Spells              Type           Power      Damage    Failure   Level
a - Beastly Appendage     Tmut           40%        N/A       1%          1
b - Spider Form           Tmut/Pois      11%        N/A       19%         3
c - Ice Form              Ice/Tmut       16%        N/A       34%         4

Your spell library contained the following spells:

 Spells                   Type           Power      Damage    Failure   Level
 Wereblood                Tmut           20%        N/A       3%          2
 Confusing Touch          Hex            1%         N/A       50%         3
 Gell's Gravitas          Tloc           1%         N/A       50%         3
 Teleport Other           Tloc           1%         N/A       50%         3
 Yara's Violent Unravell  Hex/Tmut       5%         3d4       87%         5
 Dispersal                Tloc           0%         N/A       100%        6
 Enfeeble                 Hex            0%         N/A       100%        7
 Chain Lightning          Conj/Air       0%         2d1       100%        9
 Fire Storm               Conj/Fire      0%         6d1       100%        9
 Shatter                  Erth           0%         3d5*      100%        9


Dungeon Overview and Level Annotations

Branches:
Dungeon (4/15)
 Temple: D:4-7

Altars:
Makhleb

Shops:
D:3 ?


Innate Abilities, Weirdness & Mutations

You cannot wear most types of armour.
You are amphibious.
You can wear up to eight rings at the same time.
Your skin changes colour to match your surroundings (Stealth+).
Your rubbery body absorbs attacks. (AC +1, EV +1)
((You are camouflaged when in or above water. (Stealth+)))
You have tentacles for arms and can constrict up to eight enemies at once.


Message History

You hit the iguana.
The iguana is poisoned.
The iguana is lightly wounded.
You hit the iguana.
The iguana looks as sick as possible!
The iguana is heavily wounded.
Your transformation has ended.
Your +0 short sword of draining unmelds from your body.
You sense an unholy aura.
The iguana bites you.
You hit the iguana. You grab the iguana.
The iguana is severely wounded.
You constrict the iguana.
An orc comes into view. It is wielding a +0 war axe.
The iguana barely misses you.
Your magical contamination has completely faded away.
The orc shouts!
You hit the iguana. You drain the iguana.
You kill the iguana!
The orc wizard casts a spell at you.
You are confused.
The orc wizard casts a spell at you. You resist with some effort.
The orc wizard points at you and mumbles some strange words.
You are more confused.
The orc wizard attacks as you move away!
The orc wizard hits you with a +0 dagger.
The orc attacks as you move away! The orc misses you.
You bump into the rock wall.
The orc wizard closely misses you.
You're too confused to move!
The orc wizard casts a spell.
The orc wizard flickers and vanishes!
Deactivating autopickup; reactivate with Ctrl-A.
The orc misses you.
You closely miss the orc.
You feel less confused. Something hits you. The orc hits you with a +0 war axe!
The orc hits you from afar with a +0 trident.
* * * LOW HITPOINT WARNING * * *
Something hits you.
* * * LOW HITPOINT WARNING * * *
The orc attacks as you move away! The orc hits you with a +0 war axe!
You die...

.........................
..........................
...........................
............................
...$........................#
...........................(#
............................#
....o..........o............#
...o.........oo.@...........#
###.#####....o#####.......#
#)##............#.....###
#.##.(.............รท....#
#..#...[....###'###.....#
##.......#..# #.# #...).#####
###.#####..###.###)........#
#.#####..+.._###.........#
#...##...###.###.........#


You could see 4 orcs.

Vanquished Creatures
  A hound (D:4)
  An orc priest (D:3)
  An iguana (D:4)
  7 gnolls
  6 adders
  An ufetubus (D:4)
  A worm (D:4)
  3 dart slugs
  6 orcs
  7 ball pythons
  3 endoplasms (D:1)
  4 giant cockroaches
  7 goblins
  3 hobgoblins
  13 jackals
  2 quokkas
  4 bats
  7 frilled lizards
  6 kobolds
  5 rats
88 creatures vanquished.

Vanquished Creatures (others)
  A quokka (D:3)
1 creature vanquished.

Grand Total: 89 creatures vanquished

Notes
Turn   | Place    | Note
-------+----------+-------------------------------------------
     0 | D:1      | Dreamer the Octopode Transmuter began the quest for the
                  | Orb.
     0 | D:1      | Reached XP level 1. HP: 13/13 MP: 3/3
   239 | D:1      | Reached XP level 2. HP: 18/18 MP: 3/5
   475 | D:1      | Reached skill level 1 in Ice Magic
   856 | D:1      | Reached skill level 3 in Transmutations
   892 | D:1      | Reached XP level 3. HP: 20/23 MP: 6/6
  1762 | D:2      | Found a faded altar of an unknown god.
  2068 | D:2      | Reached XP level 4. HP: 10/28 MP: 7/7
  2703 | D:3      | Learned a level 3 spell: Spider Form
  2935 | D:3      | Found Qiafubur's Magic Scroll Emporium.
  2949 | D:3      | Reached skill level 4 in Transmutations
  2963 | D:3      | Bought a scroll of identify for 22 gold pieces
  3565 | D:3      | Reached XP level 5. HP: 25/33 MP: 8/8
  4479 | D:3      | Learned a level 4 spell: Ice Form
  4686 | D:4      | Reached skill level 5 in Transmutations
  4696 | D:4      | Reached XP level 6. HP: 32/38 MP: 9/9
  4808 | D:4      | Found a burning altar of Makhleb.
  5132 | D:4      | Slain by an orc

Illustrated notes

Levels and vault maps discovered:
D:1:      evilmike_arrival_crescent, layout_loops_ring
D:2:      layout_basic, hellmonk_ecumenical_altar_arch_garden, hex_large
D:3:      layout_basic, serial_shops, nicolae_shop_advertising_works
          [nicolae_subvault_shop_adworks], glass_columns_b, lemuel_flame_loot_1
D:4:      layout_basic, lemuel_doored_altar

Skill      XL: |  1  2  3  4  5 |
---------------+----------------+-----
Ice Magic      | 1 2 3 |  3.0
Transmutations | 3 4 5 |  5.4
Fighting       | |  1.0
Dodging        | |  2.0
Unarmed Combat | |  3.3
Spellcasting   | |  2.1

Action                   |  1- 3 |  4- 6 || total
-------------------------+-------+-------++-------
Melee: Unarmed           |    18 |    13 ||    31
       Constrict         |    25 |    32 ||    57
       Tentacles         |    18 |    21 ||    39
       Kick              |     6 |       ||     6
       Short sword       |    70 |   122 ||   192
       Punch             |     1 |     6 ||     7
 Cast: Beastly Appendage |     8 |       ||     8
       Spider Form       |       |     2 ||     2
  Use: Scroll            |       |     3 ||     3
 Stab: Sleeping          |    12 |     1 ||    13
       Distracted        |       |     1 ||     1
Armor: Skin              |     7 |     5 ||    12
Dodge: Dodged            |    45 |    86 ||   131

Table legend: (Time is in decaauts)
 A = Elapsed time spent in this place.
 B = Non-inter-level travel time spent in this place.
 C = Inter-level travel time spent in this place.
 D = Time resting spent in this place.
 E = Time spent auto-exploring this place.
 F = Levels seen in this place.
 G = Mean time per level.
                   A        B        C        D        E       F      G
               +--------+--------+--------+--------+--------+-----+--------+
         Total |   5129 |   5059 |     70 |    744 |   3375 |   4 | 1282.2 |
       Dungeon |   5129 |   5059 |     70 |    744 |   3375 |   4 | 1282.2 |
               +--------+--------+--------+--------+--------+-----+--------+

Top non-repeatable levels by time:
     D:3: 1763 daAuts
     D:2: 1755 daAuts
     D:1: 1093 daAuts
     D:4: 516 daAuts
